← All builds
Geo / Cortex / Economy first / OBSERVED BUILD

Standard geo

Cortex Geo build order · Supreme Isthmus

The role's baseline: fast bot lab and geothermal into T2 constructor and advanced bot lab, blowing the commander for T2 tech and bringing Sheldons or Arbiters/Sumos to front while supplying teammates with constructors.

Usually blows up the commander for T2 (71%)

#eco #t2 #team support · 247 distinct matches · 91 players · 32% of Cortex Geo games · team won 45% of 253 · Recently observed

THE CATCH, AND WHAT COMES WITH IT
  • ArbiterArbiter in 42%18% of all Geo games by then
  • SumoSumo in 40%15% of all Geo games by then

Then transitions into Sheldon (25% of army), Sumo (9% of army), Arbiter (8% of army).

HOW TO PLAY IT

Key timing: T2 bot lab by 8:03

  1. Open 3 mex into early Bot Lab and solar.
  2. Bring geothermal online fast to fund the tech rush.
  3. Finish Advanced Bot Lab to unlock T2 bot units.
  4. Push Sheldon (and Arbiter, Sumo) to front as the first T2 units.
  5. Switch into T2 construction bots to supply allies with T2 cons.

Phase by phase

TYPICAL OF ITS 247 GAMES · AGAINST STANDARD GEO
  1. 1
  2. 2
  3. 3
  4. 4
PLAY THE OPENING

Follow the example game's first 6:00 step by step: what to build now, what comes next, and where it goes. At 1× it keeps pace with your own game.

  1. 1

    Up to the Bot Lab

    Economy
    • Metal Extractor3Mex
    • Wind Turbine4Wind
    Order
    1. Bot LabBot Lab after 3 mex, 4 winddone ~1:13, middle half 0:57–1:23

    By 0:56 in all: 3 mex · 4 wind

    The example game in this phase · 5 steps
    1. Mex ×3
    2. Wind ×4
    3. Solar
    4. Mex
    5. Bot LabBot Labdone 1:58 · typical 1:13
  2. 2

    Bot Lab to 5:00

    Economy
    • Metal Extractor1Mex
    • Wind Turbine4Wind−4 vs standard
    • Energy Converter8Converter
    • Energy Storage1Energy storage
    Order
    1. Geothermal PowerplantGeo after 4 mex, 6 wind, 1 energy storage
    2. Bot LabEat Bot Lab
    Builders
    • Construction Turret5 Con turret +3 vs standard
    • Graverobber4 Graverobber
    • Construction Bot2 Con bot
    • Construction Bot1 Con bot for allies
    • Graverobber1 Graverobber for allies

    By 5:00 in all: 4 mex · 7 wind (standard 10) · 1 geo · 8 converter · 1 energy storage · 5 con turret (standard 2)

    The example game in this phase · 18 steps
    1. Wind
    2. GraverobberGraverobber
    3. Wind
    4. Construction BotCon botfor Beach sea
    5. GraverobberGraverobberfor Beach sea
    6. GraverobberGraverobber ×2
    7. Construction BotCon bot
    8. Wind
    9. GraverobberGraverobber
    10. Geothermal PowerplantGeodone 3:45 · typical 3:25
    11. Con turret ×2
    12. Converter
    13. Con turret
    14. Converter ×5
    15. Advanced Metal ExtractorT2 mexdone 5:39 · typical 5:38
    16. Con turret
    17. Bot LabEat Bot Labreclaimed for its metal
    18. Advanced Metal ExtractorT2 mex
  3. 3

    5:00 to Advanced Bot Lab

    Economy
    • Wind Turbine2Wind−2 vs standard
    • Energy Converter2Converter
    Order
    1. Advanced Geothermal PowerplantAdvanced Geothermal Powerplant after 9 wind, 12 converter, 6 con turretin 61% of games
    2. Advanced Bot LabAdvanced Bot Lab after 13 wind, 12 converter, 6 con turretdone ~7:55, middle half 7:31–8:28

    Some games also: con turret (50%)

    By 7:15 in all: 4 mex · 12 wind · 1 geo · 1 Advanced Geothermal Powerplant · 12 converter (standard 8) · 1 energy storage

    The example game in this phase · 30 steps
    1. ThugThugfor Suicide front
    2. Con turret
    3. Advanced Metal ExtractorT2 mex ×2
    4. Advanced Geothermal PowerplantAdvanced Geothermal Powerplantdone 7:18 · typical 7:16
    5. Con turret ×3
    6. Aircraft PlantAircraft Plantdone 7:35
    7. Con turret
    8. FinchFinchfor Geo sea
    9. ValiantValiantfor unknown
    10. Con turret
    11. ValiantValiantfor unknown
    12. GuardGuard
    13. ValiantValiant ×2
    14. ValiantValiant ×2for unknown
    15. Converter
    16. ValiantValiantfor unknown
    17. GuardGuard
    18. Converter
    19. ValiantValiantfor unknown
    20. Converter
    21. ValiantValiant ×2for unknown
    22. Converter
    23. ValiantValiantfor unknown
    24. GuardGuard
    25. ValiantValiantfor unknown
    26. Twin GuardTwin Guard
    27. ValiantValiantfor unknown
    28. ValiantValiant
    29. Aircraft PlantEat Aircraft Plantreclaimed for its metal
    30. Advanced Bot LabAdvanced Bot Labdone 8:40 · typical 7:55
  4. 4

    Advanced Bot Lab to 10:00

    Economy
    • Energy Converter3Converter+3 vs standard
    Army
    • Sheldon3 Sheldon +3 vs standard
    • Augur1 Radar bot

    Some games also: jammer bot (49%) · T2 con bot for allies (47%) · wind (39%) · con turret (36%) · crawling bomb (34%)

    By 10:00 in all: 4 mex · 17 wind · 1 geo · 1 Advanced Geothermal Powerplant · 16 converter (standard 10) · 1 energy storage

    The example game in this phase · 39 steps
    1. FiendFiend
    2. Radar TowerRadar Tower
    3. FiendFiend ×4
    4. DeceiverJammer bot
    5. AugurRadar bot
    6. SheldonSheldon ×2done 9:24 · typical 8:42
    7. Con turret
    8. SheldonSheldon
    9. Converter
    10. SheldonSheldon
    11. Converter ×2
    12. SheldonSheldon
    13. Converter
    14. SheldonSheldon
    15. Converter
    16. Advanced Construction BotT2 con botfor Front
    17. Converter
    18. SheldonSheldon
    19. Converter
    20. SheldonSheldonfor Front
    21. Converter
    22. SheldonSheldonfor Front
    23. Converter
    24. Advanced Metal ExtractorT2 mexdone 10:57
    25. SumoSumodone 10:47
    26. SpectreSpectre ×2
    27. SumoSumo ×2
    28. BeholderBeholder
    29. SumoSumo ×2
    30. Twin GuardTwin Guard
    31. SumoSumo
    32. ArbiterArbiter ×4done 11:59
    33. JunoJuno
    34. SpectreSpectre
    35. ArbiterArbiter
    36. SAMSAM
    37. Twin GuardTwin Guard
    38. SumoSumo ×2
    39. Advanced Bot LabEat Advanced Bot Labreclaimed for its metal

Counts are medians over the build's games: half of them build more, half fewer. The example game is _Hawkey_'s (65 OS, 14/10/2026); pick another.

Team trades

IN AT LEAST 30% OF ITS GAMES

You hand over

  • Graverobber1 Graverobber to Beach seafirst at 2:20 · in 79% of games
  • Construction Bot1 Con bot to Beach seafirst at 2:36 · in 88% of games
  • Advanced Construction Bot1 T2 con bot to Suicide front or Frontfirst at 8:39 · in 55% of games

You get

  • Advanced Construction Bot1 T2 con bot from Techfirst at 4:55 · in 93% of games

How it plays out

Typical game of this build, running totals by minute

Metal produced

020k40k
0:005:0010:0015:00

metal

Enemy metal destroyed

05k10k
0:005:0010:0015:00

metal

Own metal lost

02k4k6k
0:005:0010:0015:00

metal

253 games.

Show as table
ByMetal produced: This buildEnemy metal destroyed: This buildOwn metal lost: This build
1:0034200
2:0087200
3:00150000
4:00266400
5:00369400
6:00558600
7:00789300
8:001096400
9:00138802150
10:0016789296190
11:00196141104750
12:002268622361485
13:002558940442397
14:002842358154283
15:003139578815630
WHAT THE NUMBERS SAY

Standard geo play wins less than half its games but builds a big eco lead, reaching nearly 31.5k metal production by 15:00.

  • + Metal production hits 16919 by 10:00, well ahead of most roles.
  • + Own metal lost stays near zero (260) by 10:00, a very safe tech rush.
  • − Team wins under half of games (46%).
  • − Enemy metal destroyed stays low (423) by 10:00, showing slow early impact.
THE EXAMPLE YOU ARE READING

_Hawkey_

65.0 OS · 14/10/2026

Open source match ↗

2 received units · includes a constructor
871 metal received · 64427 energy received

Allied construction assistance is unknown. Timings are observations, not a promise of solo reproducibility.

Typical milestones

Bot Lab1:13Middle 50%: 0:57–1:23 · n=252
Geothermal Powerplant3:25Middle 50%: 3:09–3:44 · n=252
Advanced Metal Extractor5:38Middle 50%: 5:20–6:04 · n=234
Advanced Geothermal Powerplant7:16Middle 50%: 6:53–7:46 · n=170
Advanced Bot Lab7:55Middle 50%: 7:31–8:28 · n=199
Sheldon8:42Middle 50%: 8:04–9:17 · n=169

Played most by

_Hawkey_20games of this buildzeus_on_god13games of this buildRogShotz12games of this buildGodmother139games of this buildViltrum9games of this build
Standard geo · Cortex Geo build order · BAR Build Atlas